 Dungeon Crawl Stone Soup version 0.17.1-1-g73c8601 (webtiles) character file.

555772 Miyamura the Alchemist (level 25, -3/172 HPs)
             Began as a Spriggan Enchanter on Jan 1, 2016.
             Was an Initiate of Gozag.
             Splashed by an acid blob's acid (8 damage)
             ... on level 1 of the Pits of Slime on Jan 2, 2016.
             The game lasted 07:41:44 (95195 turns).

Miyamura the Alchemist (Spriggan Enchanter)        Turns: 95195, Time: 07:41:44

Health: -3/172     AC:  4    Str: 12    XL:     25   Next: 19%
Magic:  14/38      EV: 30    Int: 29    God:    Gozag
Gold:   4956       SH:  0    Dex: 15    Spells: 13 memorised, 5 levels left

rFire  + + +     SeeInvis +     p - +10 sword of Jihad {holy, *Rage rN+ EV+3 Stlth-}
rCold  + . .     Rnd*Rage +     (armour currently unavailable)
rNeg   + + +     SustAt   .     (shield currently unavailable)
rPois  ∞         Gourm    .     B - +2 hat {Int+3}
rElec  +         Spirit   .     r - +2 cloak {MR+}
rCorr  .         Warding  .     (gloves unavailable)
rMut   +         Stasis   .     (boots unavailable)
MR     +++++                    G - amulet of resist mutation
Stlth  +++++.....               D - ring of wizardry
                                Q - ring of Kustruc {rF+++ rN+ MP-9 Str+2 Stlth+}

@: statue-form, stone skin, corroded equipment, very slightly contaminated,
deflect missiles, very slow, almost entirely resistant to hostile enchantments,
quite stealthy
A: unfitting armour, horns 2, (yellow scales 0), see invisible, cold resistance
1, herbivore 3, (speed 0), (shaggy fur 0), slow metabolism 2, strong 1
a: End Transformation, Potion Petition, Call Merchant, Bribe Branch, Renounce
Religion
}: 3/15 runes: serpentine, barnacled, silver


You were on level 1 of the Pits of Slime.
You worshipped Gozag.
Gozag was noncommittal.
You were very full.
You were a stone statue.
You visited 10 branches of the dungeon, and saw 50 of its levels.
You visited 1 bazaar.
You also visited: Labyrinth, Ossuary, Ice Cave and Volcano.

You collected 35859 gold pieces.
You spent 16553 gold pieces at shops.
You paid 14350 gold pieces to Gozag.

Inventory:

Hand Weapons
 p - the +10 sword of Jihad (weapon) {holy, *Rage rN+ EV+3 Stlth-}
   (You bought it in a shop on level 4 of the Orcish Mines)

   It has been blessed by the Shining One to cause great damage to the undead
   and demons.
   It affects your evasion (+3).
   It protects you from negative energy.
   It may make you go berserk in combat.
   It makes you less stealthy.
 O - a +9 rapier of electrocution
Armour
 r - a +2 cloak of magic resistance (worn)
 z - a +3 buckler of reflection
 B - a +2 hat of intelligence (worn)
 N - the +7 faerie dragon armour (melded) {*Drain rCorr Str+2 Dex+2 SInv}
   (You took it off the Enchantress on level 1 of the Depths)

   It affects your strength (+2).
   It affects your dexterity (+2).
   It lets you see invisible.
   It protects you from acid and corrosion.
   It causes draining when unequipped.
Jewellery
 e - an uncursed ring of teleportation
 t - an uncursed amulet of stasis
 D - a ring of wizardry (right hand)
 G - an amulet of resist mutation (around neck)
 I - the brooch of Shielding {Ward rN+ AC+4 EV+4}
   (You bought it in a shop on level 1 of the Lair of Beasts)

   [amulet of warding]

   It may prevent the melee attacks of summoned creatures.
   It affects your AC (+4).
   It affects your evasion (+4).
   It protects you from negative energy.
 Q - the ring of Kustruc (left hand) {rF+++ rN+ MP-9 Str+2 Stlth+}
   (You found it on level 3 of the Depths)

   [ring of stealth]

   It affects your strength (+2).
   It renders you almost immune to fire.
   It protects you from negative energy.
   It affects your magic capacity (-9).
   It makes you more stealthy.
 W - an uncursed ring of protection from cold
Wands
 R - a wand of fire (4)
 U - a wand of cold (5)
Scrolls
 f - 9 scrolls of immolation
 i - 13 scrolls of teleportation
 o - 21 scrolls of remove curse
 q - 10 scrolls of magic mapping
 u - 2 scrolls of identify
 v - 2 scrolls of enchant armour
 x - 6 scrolls of fog
 E - 7 scrolls of recharging
 H - 2 scrolls of blinking
 M - 5 scrolls of holy word
 P - a scroll of summoning
Potions
 a - 13 potions of brilliance
 b - a potion of agility
 g - a potion of flight
 k - 5 potions of resistance
 l - 6 potions of might
 m - 11 potions of lignification
 n - 13 potions of curing
 s - 4 potions of magic
 L - 4 potions of cancellation
Miscellaneous
 c - a fan of gales
 h - a lamp of fire
 j - a stone of tremors
 w - a crystal ball of energy
 A - 4 phantom mirrors
 F - an ornate deck of changes {Wild Magic, drawn: 1}
 J - a phial of floods
 S - a box of beasts
 T - a legendary deck of war {the Elixir, drawn: 2}
 Z - a legendary deck of summoning {Repulsiveness, drawn: 1}
Comestibles
 d - 23 bread rations
 X - a fruit


   Skills:
 - Level 14.0 Fighting
 - Level 14.0(15.4) Short Blades
 - Level 9.1(11.3) Long Blades
 - Level 13.2 Dodging
 - Level 12.5 Stealth
 - Level 10.0 Shields
 - Level 19.1 Spellcasting
 - Level 15.9 Hexes
 - Level 13.0 Charms
 + Level 17.7 Necromancy
 + Level 20.1 Transmutations
 - Level 8.2 Air Magic
 - Level 9.1 Earth Magic
 - Level 10.2 Evocations


You had 5 spell levels left.
You knew the following spells:

 Your Spells              Type           Power        Failure   Level  Hunger
b - Blink                 Tloc           N/A          1%          2    None
c - Confuse               Hex            #######.     0%          3    None
d - Deflect Missiles      Chrm/Air       ######....   1%          6    None
f - Statue Form           Trmt/Erth      #######..    1%          6    None
h - Haste                 Chrm           #######.     1%          6    None
l - Lee's Rapid Deconstr  Erth           ######....   1%          5    None
n - Necromutation         Trmt/Necr      #######...   1%          8    #####..
o - Corona                Hex            #######      0%          1    None
s - Stoneskin             Trmt/Erth      #######.     0%          2    None
t - Tukima's Dance        Hex            #######.     0%          3    None
A - Aura of Abjuration    Summ           ####......   21%         5    None
C - Cure Poison           Pois           ####......   1%          2    None
D - Discord               Hex            #######...   7%          8    #####..


Dungeon Overview and Level Annotations

Branches:
Dungeon (15/15)            Temple (1/1) D:4            Lair (8/8) D:11
 Shoals (4/4) Lair:4        Snake (4/4) Lair:4        Slime (1/6) Lair:7
    Orc (4/4) D:10            Elf (3/3) Orc:3        Vaults (5/5) D:13
  Crypt (0/3) Vaults:3     Depths (5/5) D:15            Zot (0/5) Depths:5

Altars:
Ashenzari
Cheibriados
Dithmenos
Elyvilon
Fedhas
Gozag
Kikubaaqudgha
Makhleb
Nemelex Xobeh
Okawaru
Qazlal
Ru
Sif Muna
Trog
Vehumet
Xom
Yredelemnul
Zin
The Shining One
Beogh
Jiyva

Shops:
D:4 [   D:5 [   D:6 (   D:9 (   D:12 =   D:15 %   Orc:4 [%(}[   Elf:1 ?*[*
Lair:1 =:   Lair:3 [:   Lair:7 =%   Vaults:1 %   Vaults:2 :   Vaults:4 }}
Vaults:5 }

Portals:
Hell: Depths:1 Depths:2 Depths:3 Depths:4 Depths:5
Abyss: Depths:1 Depths:4
Pandemonium: Depths:1 Depths:3
Ziggurat: Depths:4

Annotations:
Lair:7 exclusion: oklob plant


Innate Abilities, Weirdness & Mutations

You are tiny and cannot use many weapons and most armour.
You have supernaturally acute eyesight.
You are a herbivore.
((You cover ground extremely quickly.))
You need consume almost no food.
You have a pair of horns on your head.
((You are partially covered in yellow scales (AC +2).))
Your flesh is cold resistant.
((You are covered in fur (AC +1).))
Your muscles are strong. (Str +2)


Message History

The acid blob hits you!
* * * LOW HITPOINT WARNING * * *
You are splashed with acid!
The acid corrodes you!
The acid burns!
* * * LOW HITPOINT WARNING * * *
The acid blob jiggles.
The acid blob spits acid at you. The splash of acid hits you!
* * * LOW HITPOINT WARNING * * *
The acid corrodes you!
The acid burns!
* * * LOW HITPOINT WARNING * * *
You slash the acid blob!
Your hands burn!
* * * LOW HITPOINT WARNING * * *
You headbutt the acid blob.
The acid blob is almost dead.
The jelly is distracted by the nearby gold.
The acid blob hits you!!
* * * LOW HITPOINT WARNING * * *
You are splashed with acid!
The acid corrodes you!
The acid burns!
You die...
Your body crumbles into a pile of gold.

.....#.#..J.......
##..................#
.#......#.#.....#....#
........#.#...J#......
.....................#
...................... .
.............$........
.. ##...$..>............
...#............8J......
.........>......J..#..#
##....................
.. ###...$$...#.........
...#.............#......
.............##.#...#...
##..........###......#..
#....#....## ....#.####
#....##.....# ### #####


You could see an acid blob, a slime creature (confused) and a jelly (unaware).

Vanquished Creatures
  An ancient lich (Depths:2)
  A juggernaut (Depths:4)
  Sojobo (Depths:2)
  Margery (Vaults:4)
  Norris (Snake:3)
  2 caustic shrikes
  5 golden dragons
  A profane servitor (Depths:4)
  Nikola (Shoals:2)
  Jory (Vaults:4)
  the Enchantress (Depths:1)
  8 tentacled monstrosities
  9 liches
  2 deep elf blademasters (Elf:3)
  5 titans
  A deep elf master archer (Elf:3)
  An acid blob (Slime:1)
  3 krakens
  2 octopode crushers (Depths:4)
  4 sphinxes
  A storm dragon (Depths:5)
  6 shadow dragons
  The ghost of bollicks1999 the Fencer, an adept DrBe of Trog (Shoals:1)
  9 tengu reavers
  6 fire giants
  An azure jelly (Slime:1)
  Ilsuiw (Shoals:4)
  Wiglaf (Snake:3)
  10 greater nagas
  A draconian monk (Depths:5)
  An iron dragon (Depths:4)
  2 orc warlords (Depths:1)
  9 frost giants
  11 vault wardens
  3 deep elf sorcerers
  Aizul (Elf:1)
  A ghoul (Vaults:3)
  A draconian shifter (Depths:5)
  An angel (Depths:4)
  5 spriggan defenders
  11 ironheart preservers
  A war gargoyle (Vaults:5)
  A vampire knight (Depths:3)
  8 deep elf demonologists
  Nessos (D:13)
  8 very ugly things
  25 stone giants
  6 dire elephants (Lair:8)
  A black draconian (Depths:5)
  3 salamander stormcallers
  Azrael (D:14)
  3 yellow draconians (Depths:5)
  A white draconian (Depths:5)
  7 deep elf annihilators
  An ettin (shapeshifter) (Vaults:4)
  6 merfolk javelineers
  A purple draconian (Depths:5)
  9 ettins
  Snorg (Lair:5)
  An eidolon (Vaults:3)
  2 pearl dragon zombies (Depths:4)
  A crystal guardian (Vaults:4)
  5 vault guards
  6 deep elf death magi (Elf:3)
  6 merfolk impalers
  6 great orbs of eyes
  21 yaktaur captains
  A blizzard demon (Depths:3)
  2 deep elf high priests (Elf:3)
  The ghost of bollicks1999 the Nimble, a journeyman DrBe of Trog (IceCv)
  9 ogre magi
  11 ice dragons
  A minotaur (Lab)
  12 fire dragons
  13 entropy weavers
  5 spriggan air magi
  13 naga warriors
  A merfolk avatar (Shoals:3)
  2 rakshasas
  A ghost crab (shapeshifter) (D:13)
  7 hydras
  12 centaur warriors
  10 anacondas
  An alligator snapping turtle (Shoals:4)
  A catoblepas (Lair:3)
  A satyr (Shoals:3)
  14 death yaks
  6 tengu warriors
  4 orc high priests
  5 deep troll earth magi
  2 merfolk aquamancers
  3 deep troll shamans
  9 spriggan berserkers
  8 naga sharpshooters
  A vampire mage (Depths:4)
  2 soul eaters (Depths:2)
  9 shock serpents
  2 shock serpents (shapeshifter) (Vaults:5)
  Sonja (D:15)
  20 deep elf knights
  4 shadow wraiths
  2 fire crabs (shapeshifter)
  3 hell hogs (Depths:4)
  13 hell knights
  5 skeletal warriors
  3 fire crabs
  4 iron trolls
  2 salamander mystics (Snake:3)
  3 deep elf summoners (Elf:2)
  16 sea snakes
  5 flayed ghosts
  5 giant orange brains
  A spectral hydra (Depths:2)
  A spectral anaconda (Depths:2)
  7 naga ritualists
  25 deep trolls
  A lindwurm (Lair:5)
  2 orange crystal statues (Depths:2)
  18 ironbrand convokers
  A torturous demonspawn (Depths:3)
  11 orc knights
  4 unseen horrors
  10 hill giants
  6 wizards
  5 wolf spiders
  9 necromancers
  A phantasmal warrior (Depths:2)
  34 ugly things
  10 griffons
  4 hornets
  10 mana vipers
  12 manticores
  11 orc sorcerers
  18 deep elf conjurers
  A water nymph (shapeshifter) (Vaults:2)
  2 shining eyes (Slime:1)
  11 harpies
  A manticore (shapeshifter) (Depths:1)
  9 salamanders
  7 fauns
  7 water nymphs
  11 cyclopes
  A moth of wrath (shapeshifter) (Vaults:5)
  A black mamba (shapeshifter) (D:15)
  16 elephants
  4 apis skeletons (Depths:4)
  A sixfirhy (Depths:2)
  2 guardian serpents
  A cyclops (shapeshifter) (Depths:1)
  Maurice (D:12)
  16 vault sentinels
  4 sirens
  38 black mambas
  A torpor snail (Lair:6)
  An ice statue (IceCv)
  2 gargoyles
  An orange demon (Depths:3)
  2 rust devils (Depths:3)
  4 kobold demonologists
  14 spiny frogs
  18 naga magi
  58 yaktaurs
  4 komodo dragons
  8 centaur skeletons
  A spectral merfolk (Depths:2)
  A yaktaur (shapeshifter) (Vaults:1)
  15 trolls
  A komodo dragon (shapeshifter) (Vaults:1)
  A redback zombie (D:15)
  4 tengu conjurers
  An anaconda simulacrum (Depths:2)
  2 fire drakes
  18 merfolk
  A fire drake (shapeshifter) (Depths:4)
  5 freezing wraiths
  21 polar bears
  A jumping spider (shapeshifter) (D:13)
  A wind drake (shapeshifter) (Vaults:1)
  15 deep elf priests
  A harpy zombie (D:11)
  4 jumping spiders (Depths:2)
  16 two-headed ogres
  6 wind drakes
  A giant leech (shapeshifter) (Vaults:5)
  2 slime creatures (shapeshifter)
  18 blink frogs
  3 boulder beetles
  A raiju (shapeshifter) (Vaults:5)
  8 shadows
  33 slime creatures
  2 humans (shapeshifter)
  30 deep elf magi
  7 snapping turtles
  12 water elementals
  A wyvern (shapeshifter) (Vaults:4)
  9 wraiths
  12 redbacks
  9 spriggans
  2 fire bats (Volcano)
  3 fire elementals (D:13)
  8 wyverns
  6 air elementals
  63 yaks
  A vampire (Depths:2)
  Eustachio (D:6)
  4 basilisks
  A golden eye (shapeshifter) (Depths:4)
  A yak (shapeshifter) (Vaults:1)
  3 hungry ghosts
  11 hippogriffs
  A fire bat (shapeshifter) (Depths:4)
  A steam dragon (Lair:5)
  37 deep elf fighters
  A hog (Volcano)
  8 swamp worms (Lair:1)
  43 nagas
  27 vampire mosquitoes
  43 wolves
  21 water moccasins
  17 hell hounds
  14 porcupines
  16 wargs
  2 spectral trolls (Depths:2)
  2 water moccasins (shapeshifter)
  4 spectral spriggans (Depths:2)
  Duvessa (D:4)
  A black bear (shapeshifter) (Vaults:3)
  4 phantoms
  24 orc warriors
  2 hydra simulacra (Depths:2)
  6 ice beasts
  2 sky beasts (D:11)
  A wasp (shapeshifter) (D:14)
  4 eyes of draining
  A necrophage (D:6)
  7 wasps
  43 ogres
  4 boggarts (Depths:4)
  25 crocodiles
  A boggart (shapeshifter) (Vaults:1)
  26 centaurs
  21 big kobolds
  Blork the orc (D:4)
  A merfolk simulacrum (Depths:2)
  6 brain worms
  An elf zombie (Ossuary)
  A brain worm (shapeshifter) (Depths:4)
  22 giant frogs
  Dowan (D:4)
  8 jellies
  A scorpion (shapeshifter) (Depths:4)
  2 scorpions
  8 wights
  3 spectral ogres (Depths:2)
  A troll skeleton (Lab)
  13 killer bees
  4 spectral nagas (Depths:2)
  A spriggan skeleton (Lab)
  3 centaur zombies (Ossuary)
  7 electric eels
  11 crimson imps
  3 spectral centaurs (Depths:2)
  A giant frog zombie (D:13)
  7 hounds
  27 orc priests
  A human simulacrum (Vaults:2)
  An iron imp (Depths:1)
  4 worker ants
  5 iguanas
  A giant frog skeleton (D:6)
  18 orc wizards
  28 sheep
  A centaur simulacrum (Depths:2)
  2 ogre zombies (Ossuary)
  A hound skeleton (D:8)
  A worker ant zombie (D:11)
  7 mummies (Ossuary)
  4 gnolls (D:3)
  65 river rats
  4 shadow imps
  12 adders
  A giant eyeball (Depths:2)
  An ooze (D:6)
  2 adder zombies (Ossuary)
  An adder skeleton (D:7)
  13 worms
  2 giant geckos
  183 orcs
  9 bats
  7 giant cockroaches
  5 hobgoblins
  2 jackals (D:1)
  44 kobolds
  7 quokkas
  A ball python (D:1)
  A giant gecko skeleton (D:4)
  9 giant newts
  8 goblins
  4 goblin zombies (Ossuary)
  6 kobold zombies (Ossuary)
  9 quokka zombies (Ossuary)
  4 rats
  3 rat zombies (Ossuary)
  7 plants
  2 tentacles (Shoals:3)
2365 creatures vanquished.

Vanquished Creatures (collateral kills)
  Frederick (Vaults:4)
  Saint Roka (Orc:4)
  A deep elf master archer (Elf:3)
  2 tengu reavers
  Agnes (D:14)
  A shadow dragon (Vaults:5)
  A greater naga (Snake:4)
  5 fire giants
  Maud (Orc:4)
  3 frost giants
  3 vault wardens
  A deep elf sorcerer (Elf:2)
  2 orc warlords
  2 ironheart preservers
  A deep elf annihilator (Elf:3)
  2 deep elf death magi (Elf:3)
  A merfolk javelineer (Shoals:4)
  4 ettins
  19 vault guards (Vaults:5)
  2 merfolk impalers (Shoals:4)
  5 naga warriors
  A yaktaur captain (Vaults:5)
  A monstrous demonspawn (Depths:3)
  An ogre mage (Vaults:1)
  A merfolk aquamancer (Shoals:4)
  A death knight (Depths:4)
  An orc high priest (Orc:4)
  A tengu warrior (Depths:2)
  A naga sharpshooter (Snake:4)
  8 hell knights
  A spriggan (Depths:5)
  A death drake (Depths:1)
  A skeletal warrior (Vaults:2)
  3 deep elf knights
  2 deep trolls (Vaults:4)
  A putrid demonspawn (Depths:3)
  10 orc knights
  A griffon (Shoals:2)
  3 deep elf conjurers
  2 necromancers
  2 water nymphs
  4 sirens
  2 fauns
  2 orc sorcerers (Orc:4)
  2 vault sentinels (Vaults:5)
  4 salamanders
  A guardian serpent (Snake:3)
  6 naga magi
  2 yaktaurs (Vaults:5)
  A tengu conjurer (D:14)
  9 merfolk
  2 trolls
  A freezing wraith (Vaults:5)
  4 two-headed ogres
  3 deep elf magi
  16 nagas
  2 deep elf fighters
  41 orc warriors
  A wasp (Depths:5)
  A centaur (Volcano)
  10 ogres
  A big kobold (D:11)
  A wight (Depths:2)
  A crimson imp (D:13)
  16 orc priests
  10 orc wizards
  74 orcs
319 creatures vanquished.

Vanquished Creatures (others)
  5 fire giants
  A stone giant (Depths:4)
  2 vault guards (Vaults:5)
  A deep elf high priest (Vaults:5)
  68 dancing weapons
  A deep troll shaman (Depths:2)
  2 black mambas (Snake:4)
  6 yaktaurs
  A polar bear (IceCv)
  A merfolk (Shoals:4)
  A raiju (Depths:2)
  A deep elf fighter (Vaults:5)
  A hippogriff (shapeshifter) (Vaults:2)
  A naga (Snake:4)
  An orc warrior (Vaults:3)
  An ogre (Vaults:5)
  4 orcs (Orc:4)
  3 bushes (Lair:5)
  17 fungi
  24 plants
  33 tentacles
  517 tentacle segments
692 creatures vanquished.

Grand Total: 3376 creatures vanquished

Notes
Turn   | Place    | Note
--------------------------------------------------------------
     0 | D:1      | Miyamura the Spriggan Enchanter began the quest for the Orb.
     0 | D:1      | Reached XP level 1. HP: 9/9 MP: 5/5
   178 | D:1      | Reached XP level 2. HP: 8/13 MP: 3/6
   449 | D:1      | Learned a level 2 spell: Ensorcelled Hibernation
  1268 | D:2      | Reached XP level 3. HP: 15/17 MP: 5/8
  1307 | D:2      | Learned a level 3 spell: Confuse
  1633 | D:2      | Reached skill level 5 in Stealth
  1783 | D:2      | Reached skill level 1 in Fighting
  1957 | D:2      | Reached XP level 4. HP: 22/22 MP: 8/10
  2650 | D:3      | Reached XP level 5. HP: 18/25 MP: 4/11
  3475 | D:4      | Reached XP level 6. HP: 28/30 MP: 11/13
  3579 | D:4      | Noticed Blork the orc
  3586 | D:4      | Killed Blork the orc
  3586 | D:4      | Reached skill level 5 in Dodging
  3726 | D:4      | Reached skill level 6 in Stealth
  3739 | D:4      | Noticed Duvessa
  3739 | D:4      | Noticed Dowan
  3762 | D:4      | Killed Duvessa
  3762 | D:4      | Reached skill level 5 in Hexes
  4163 | D:3      | Reached XP level 7. HP: 12/35 MP: 3/15
  4398 | D:3      | Learned a level 3 spell: Tukima's Dance
  5257 | D:4      | Killed Dowan
  5257 | D:4      | Reached skill level 5 in Spellcasting
  5313 | D:4      | Found Yrphol's Armour Shoppe.
  5344 | D:4      | Found a staircase to the Ecumenical Temple.
  5352 | Temple   | Entered the Ecumenical Temple
  5501 | Temple   | Became a worshipper of Gozag Ym Sagoz the Greedy
  5751 | D:5      | Entered Level 5 of the Dungeon
  5840 | D:5      | Found Jehaxkeu's Antique Armour Boutique.
  5883 | D:5      | Reached skill level 7 in Stealth
  6157 | D:5      | Reached XP level 8. HP: 26/40 MP: 9/17
  6468 | D:4      | Bought a +1 cloak of invisibility for 231 gold pieces
  6727 | D:6      | Found Medenlie's Antique Weapon Emporium.
  6910 | D:6      | Noticed Eustachio
  6920 | D:6      | Killed Eustachio
  6920 | D:6      | Reached skill level 1 in Evocations
  7199 | D:6      | Found a sand-covered staircase.
  7209 | Ossuary  | Entered an ossuary
  7507 | Ossuary  | Reached skill level 8 in Stealth
  8631 | D:5      | Bought an ominously black robe for 125 gold pieces
  8641 | D:5      | Identified the +1 robe of the Equinox {rF+ Str-5 Dex+4} (You bought it in a shop on level 5 of the Dungeon)
  8641 | D:5      | Lost strength.
  8731 | D:6      | Bought a crystal falchion for 216 gold pieces
  8731 | D:6      | Identified the cursed +2 falchion of Fundamental Breach {slice, rPois SInv} (You bought it in a shop on level 6 of the Dungeon)
  8758 | D:7      | Found a shattered altar of Ashenzari.
  8758 | D:7      | Noticed a two-headed ogre
  8778 | D:7      | Killed a two-headed ogre
  8778 | D:7      | Reached XP level 9. HP: 45/45 MP: 13/19
  8870 | D:7      | Reached skill level 5 in Short Blades
  8874 | D:7      | Reached skill level 9 in Stealth
  9724 | D:8      | Reached XP level 10. HP: 49/51 MP: 16/21
  9804 | D:8      | Noticed a hill giant
  9822 | D:8      | Killed a hill giant
  9822 | D:8      | Reached skill level 10 in Stealth
  9822 | D:8      | Reached skill level 5 in Evocations
 10596 | D:9      | Learned a level 5 spell: Silence
 10636 | D:9      | Bought a runed rapier for 88 gold pieces
 10768 | D:9      | Reached skill level 5 in Fighting
 11215 | D:9      | Found a glowing silver altar of Zin.
 11298 | D:9      | Noticed an unseen horror
 11301 | D:9      | Killed an unseen horror
 11301 | D:9      | Reached skill level 11 in Stealth
 11865 | D:10     | Entered Level 10 of the Dungeon
 11865 | D:10     | Found an opulent altar of Gozag.
 12081 | D:10     | Found a staircase to the Orcish Mines.
 12392 | D:10     | Reached skill level 10 in Dodging
 12392 | D:10     | Reached XP level 11. HP: 47/56 MP: 18/24
 12669 | D:5      | Bought a shiny troll leather armour for 330 gold pieces
 12669 | D:5      | Bought an embroidered robe for 15 gold pieces
 13105 | D:11     | Found a staircase to the Lair.
 13254 | D:11     | Noticed a death yak
 13348 | D:10     | Killed a death yak
 13825 | D:11     | Found a runed door.
 13825 | D:11     | Found a runed door.
 13850 | D:11     | Noticed a deep troll
 13872 | D:11     | Killed a deep troll
 14101 | D:11     | Noticed a deep troll
 14124 | D:11     | Killed a deep troll
 14959 | Orc:1    | Entered Level 1 of the Orcish Mines
 15240 | Orc:1    | Found a dark tunnel.
 15250 | Volcano  | Entered a volcano
 15272 | Volcano  | Reached skill level 12 in Stealth
 16010 | Orc:2    | Reached skill level 10 in Hexes
 16012 | Orc:2    | Noticed an orc warlord
 16031 | Orc:2    | Killed an orc warlord
 16031 | Orc:2    | Reached XP level 12. HP: 62/62 MP: 10/26
 16221 | Orc:2    | Found a roughly hewn altar of Beogh.
 16455 | Orc:2    | You fall through a shaft for 2 floors!
 16455 | Orc:4    | Entered Level 4 of the Orcish Mines
 16539 | Orc:3    | Found a staircase to the Elven Halls.
 17304 | Orc:3    | Found a burning altar of Makhleb.
 17327 | Orc:3    | Found a roughly hewn altar of Beogh.
 17532 | Orc:3    | Reached skill level 1 in Air Magic
 18443 | Orc:4    | Learned a level 2 spell: Stoneskin
 18618 | Orc:4    | Noticed Saint Roka
 18999 | Orc:4    | Found a roughly hewn altar of Beogh.
 19266 | Orc:4    | Reached skill level 10 in Spellcasting
 19490 | Orc:4    | Noticed Maud
 19524 | Orc:4    | Killed Maud
 19888 | Orc:4    | Killed Saint Roka
 19888 | Orc:4    | Reached skill level 10 in Evocations
 20213 | Orc:4    | Found Ugaptinu's Armour Boutique.
 20260 | Orc:4    | Found Finau's Gadget Shop.
 20276 | Orc:4    | Bought a legendary deck of summoning for 390 gold pieces
 20392 | Orc:4    | Learned a level 4 spell: Airstrike
 20486 | Orc:4    | Found Toechurupp's Antique Weapon Emporium.
 20668 | Orc:4    | Reached skill level 1 in Transmutations
 20927 | Orc:4    | Reached skill level 1 in Earth Magic
 20940 | Orc:4    | Learned a level 6 spell: Statue Form
 21090 | Orc:4    | Noticed an orc warlord
 21092 | Orc:4    | Reached XP level 13. HP: 52/67 MP: 17/28
 21378 | Orc:4    | Killed an orc warlord
 21971 | Orc:4    | Found Derhaatu's Antique Armour Boutique.
 22065 | Orc:4    | Found a roughly hewn altar of Beogh.
 22668 | Orc:4    | Bought a bread ration for 70 gold pieces
 22668 | Orc:4    | Bought a bread ration for 70 gold pieces
 22668 | Orc:4    | Bought a bread ration for 70 gold pieces
 22668 | Orc:4    | Bought a bread ration for 70 gold pieces
 22668 | Orc:4    | Bought 3 fruits for 63 gold pieces
 22671 | Orc:4    | Bought the +10 sword of Jihad {holy, *Rage rN+ EV+3 Stlth-} for 2818 gold pieces
 22964 | Lair:1   | Entered Level 1 of the Lair of Beasts
 22983 | Lair:1   | Learned a level 5 spell: Lee's Rapid Deconstruction
 24354 | Lair:2   | Reached skill level 10 in Short Blades
 24701 | Lair:2   | Reached skill level 13 in Dodging
 24883 | Lair:2   | Found a sparkling altar of Nemelex Xobeh.
 25269 | Lair:3   | Reached skill level 5 in Transmutations
 25291 | Lair:3   | Reached skill level 1 in Long Blades
 26107 | Lair:4   | Found a staircase to the Snake Pit.
 26133 | Lair:4   | Found a staircase to the Shoals.
 26147 | Lair:4   | Reached skill level 1 in Shields
 26215 | Lair:4   | Noticed Snorg
 26767 | Lair:4   | Found a deep blue altar of Sif Muna.
 27502 | Lair:5   | Reached XP level 14. HP: 73/73 MP: 27/30
 27544 | Lair:5   | Found a labyrinth entrance.
 27574 | Lab      | Entered a labyrinth
 27980 | Lab      | Gained mutation: You have a pair of small horns on your head. [potion of beneficial mutation]
 27982 | Lab      | Gained mutation: You are partially covered in yellow scales (AC +2). [potion of mutation]
 27982 | Lab      | Gained mutation: Your flesh is cold resistant. [potion of mutation]
 27986 | Lab      | Identified Sif Muna's Almanac of Toxins (You found it in a labyrinth)
 27992 | Lab      | Learned a level 2 spell: Cure Poison
 28113 | Lair:5   | Reached skill level 5 in Shields
 28189 | Lair:3   | Bought the +4 moon troll leather armour {Spirit, Regen++ MP+5} for 660 gold pieces
 28525 | Lair:5   | Killed Snorg
 32075 | Lair:7   | Bought a cursed ring of loudness for 85 gold pieces
 32919 | Lair:7   | Found a viscous altar of Jiyva.
 32919 | Lair:7   | Found a staircase to the Slime Pits.
 33132 | Lair:8   | Entered Level 8 of the Lair of Beasts
 33214 | Lair:8   | Reached XP level 15. HP: 77/77 MP: 24/31
 33407 | Lair:8   | Reached skill level 10 in Shields
 33633 | Lair:8   | Found a frozen archway.
 33693 | IceCv    | Entered an ice cave
 34431 | IceCv    | Reached skill level 5 in Earth Magic
 34510 | IceCv    | Noticed bollicks1999's ghost (journeyman DrBe)
 34737 | IceCv    | Killed bollicks1999's ghost
 35020 | IceCv    | Got a translucent falchion
 35021 | IceCv    | Identified the +5 falchion of Suicidal Tendencies {slice, +Blink rN+} (You found it in an ice cave)
 35706 | Lair:3   | Got a dazzling long sword
 35712 | Lair:3   | Identified the +5 long sword of Success {venom, +Rage rElec rF-} (You found it on level 3 of the Lair of Beasts)
 35889 | Lair:7   | Got a slimy dagger
 35890 | Lair:7   | Identified the cursed +0 dagger of Zyxa {venom, -Tele MR- Str+6 Int+2} (You found it on level 7 of the Lair of Beasts)
 36815 | Lair:8   | Reached skill level 10 in Transmutations
 37785 | Lair:7   | Bought a bread ration for 50 gold pieces
 37785 | Lair:7   | Bought a bread ration for 50 gold pieces
 37785 | Lair:7   | Bought a bread ration for 50 gold pieces
 37785 | Lair:7   | Bought a bread ration for 50 gold pieces
 37785 | Lair:7   | Bought a slice of pizza for 15 gold pieces
 37922 | Lair:3   | Bought a +2 robe of resistance for 565 gold pieces
 38047 | D:12     | Found Utanlacom's Jewellery Shoppe.
 38214 | D:12     | Noticed Maurice
 38225 | D:12     | Killed Maurice
 38924 | D:13     | Found a gate to the Vaults.
 39150 | D:13     | Found a white marble altar of Elyvilon.
 39475 | D:13     | Noticed Nessos
 39478 | D:13     | Killed Nessos
 39478 | D:13     | Reached XP level 16. HP: 78/81 MP: 32/32
 40346 | D:14     | Noticed Azrael
 40555 | D:14     | Noticed Agnes
 40563 | D:14     | Killed Azrael
 41160 | D:14     | Killed Agnes
 41713 | D:15     | Entered Level 15 of the Dungeon
 41991 | D:15     | Noticed Sonja
 41994 | D:15     | Killed Sonja
 42318 | D:15     | Bought a bread ration for 65 gold pieces
 42318 | D:15     | Bought 2 fruits for 39 gold pieces
 42318 | D:15     | Bought a bread ration for 65 gold pieces
 42318 | D:15     | Bought a slice of pizza for 19 gold pieces
 42318 | D:15     | Bought a bread ration for 65 gold pieces
 42399 | D:15     | Found a staircase to the Depths.
 42873 | Lair:1   | Learned a level 6 spell: Haste
 42938 | Elf:1    | Entered Level 1 of the Elven Halls
 42959 | Elf:1    | Reached skill level 1 in Charms
 42994 | Elf:1    | Found Xicikhis's Magic Scroll Shoppe.
 42997 | Elf:1    | Bought a scroll of identify for 36 gold pieces
 42997 | Elf:1    | Bought a scroll of blinking for 135 gold pieces
 42997 | Elf:1    | Bought a scroll of remove curse for 54 gold pieces
 42997 | Elf:1    | Bought a scroll of teleportation for 54 gold pieces
 42997 | Elf:1    | Bought a scroll of magic mapping for 63 gold pieces
 42997 | Elf:1    | Bought a scroll of magic mapping for 63 gold pieces
 42997 | Elf:1    | Bought a scroll of teleportation for 54 gold pieces
 43220 | Elf:1    | Reached skill level 5 in Charms
 43222 | Elf:1    | Identified Lehudib's Reference Book on Confrontation
 43683 | Elf:1    | Found Bupni's Magic Scroll Boutique.
 43691 | Elf:1    | Bought a scroll of blinking for 135 gold pieces
 43691 | Elf:1    | Bought a scroll of magic mapping for 63 gold pieces
 43691 | Elf:1    | Bought 3 scrolls of identify for 108 gold pieces
 43691 | Elf:1    | Bought 2 scrolls of identify for 72 gold pieces
 43691 | Elf:1    | Bought a scroll of identify for 36 gold pieces
 43691 | Elf:1    | Bought a scroll of identify for 36 gold pieces
 43691 | Elf:1    | Bought a scroll of identify for 36 gold pieces
 43691 | Elf:1    | Bought a scroll of identify for 36 gold pieces
 43743 | Elf:1    | Found Ukeun's Antique Armour Boutique.
 43748 | Elf:1    | Found Ugoid's Assorted Antiques.
 43784 | Elf:1    | Noticed Aizul
 43811 | Elf:1    | Killed Aizul
 44267 | Elf:1    | Found Toanou's Assorted Antiques.
 44270 | Elf:1    | Bought a scroll labeled IGYNGEU NUNNA for 27 gold pieces
 44720 | Elf:2    | Reached skill level 10 in Charms
 45060 | Elf:2    | Found a runed gate.
 45060 | Elf:2    | Found a runed gate.
 45076 | Elf:2    | Found a runed gate.
 45495 | Elf:1    | Bought a potion of heal wounds for 150 gold pieces
 45495 | Elf:1    | Bought a shiny ivory wand for 120 gold pieces
 45680 | Elf:2    | Reached XP level 17. HP: 86/86 MP: 21/34
 46921 | Elf:3    | Entered Level 3 of the Elven Halls
 48145 | Elf:3    | Noticed a Brimstone Fiend
 49212 | Lair:1   | Learned a level 6 spell: Deflect Missiles
 50048 | Elf:3    | Got a heavily runed jade amulet
 50089 | Elf:3    | Identified the amulet "Ycucib" {Faith Int+3} (You took it off a deep elf demonologist on level 3 of the Elven Halls)
 50194 | Elf:3    | Got an ichor-stained mace {crush}
 50195 | Elf:3    | Identified the +11 mace of Crusades {crush, *Contam *Drain +Blink Str+7} (You took it off a deep elf death mage on level 3 of the Elven Halls)
 50339 | Elf:3    | Got an ichor-stained spear
 50340 | Elf:3    | Identified the +6 spear "Grom" {pierce, rF+ MR- Dex+2 SInv} (You found it on level 3 of the Elven Halls)
 50347 | Elf:3    | Identified Iskenderun's Volume of Conjuration and Feathers
 50701 | Elf:1    | Bought a scroll of enchant armour for 135 gold pieces
 50733 | Elf:1    | Bought a twisted diamond ring for 150 gold pieces
 50749 | Elf:1    | Bought a runed cloak for 184 gold pieces
 50774 | Elf:1    | Bought a box of beasts for 600 gold pieces
 50841 | Elf:1    | Bought a scroll of blinking for 202 gold pieces
 50841 | Elf:1    | Bought a scroll of magic mapping for 94 gold pieces
 51043 | Snake:1  | Entered Level 1 of the Snake Pit
 51119 | Snake:1  | Reached skill level 10 in Fighting
 52010 | Snake:1  | Reached XP level 18. HP: 93/93 MP: 28/36
 53275 | Snake:2  | Reached skill level 14 in Spellcasting
 54549 | Snake:3  | Reached skill level 5 in Air Magic
 55486 | Snake:3  | Noticed Norris
 55528 | Snake:3  | Killed Norris
 55981 | Snake:4  | Entered Level 4 of the Snake Pit
 55981 | Snake:4  | Noticed Wiglaf
 56472 | Snake:3  | Killed Wiglaf
 56685 | Snake:4  | Got a polished hunting sling
 56686 | Snake:4  | Identified the +9 hunting sling of the Gnat {velocity, Int+3} (You found it on level 4 of the Snake Pit)
 57068 | Snake:4  | Reached skill level 15 in Spellcasting
 57785 | Snake:4  | Reached XP level 19. HP: 98/100 MP: 39/39
 58188 | Snake:4  | Got a serpentine rune of Zot
 58718 | Lair:1   | Bought an uncursed amulet of stasis for 227 gold pieces
 58718 | Lair:1   | Bought an uncursed amulet of resist mutation for 520 gold pieces
 58718 | Lair:1   | Bought the brooch of Shielding {Ward rN+ AC+4 EV+4} for 722 gold pieces
 58800 | Shoals:1 | Entered Level 1 of the Shoals
 58878 | Shoals:1 | Noticed bollicks1999's ghost (adept DrBe)
 58900 | Shoals:1 | Killed bollicks1999's ghost
 59974 | Shoals:2 | Noticed Nikola
 59991 | Shoals:2 | Killed Nikola
 61160 | Shoals:3 | Reached skill level 16 in Spellcasting
 61963 | Shoals:4 | Entered Level 4 of the Shoals
 62004 | Shoals:4 | Got a warped tin ring
 62005 | Shoals:4 | Identified the ring of the Castellan {+/*Tele SInv} (You found it on level 4 of the Shoals)
 62137 | Shoals:4 | Noticed Ilsuiw
 62175 | Shoals:4 | Killed Ilsuiw
 63404 | Shoals:4 | Got a barnacled rune of Zot
 63755 | Shoals:4 | Learned a level 2 spell: Blink
 64067 | Vaults:1 | Entered Level 1 of the Vaults
 64250 | Vaults:1 | Reached XP level 20. HP: 107/107 MP: 35/41
 64278 | Vaults:1 | Reached skill level 5 in Long Blades
 64784 | Vaults:1 | Bought a bread ration for 70 gold pieces
 64784 | Vaults:1 | Bought 3 fruits for 63 gold pieces
 64784 | Vaults:1 | Bought a bread ration for 70 gold pieces
 64784 | Vaults:1 | Bought a royal jelly for 28 gold pieces
 66260 | Vaults:2 | Got a translucent rapier
 66274 | Vaults:2 | Reached skill level 17 in Spellcasting
 66532 | Vaults:2 | Found Yquzxaoz's Book Boutique.
 66721 | Vaults:2 | Identified the +7 rapier of Death's Door {flame, MP+9} (You found it on level 2 of the Vaults)
 68230 | Vaults:3 | Identified Macwokla's Grimoire of Poison (You found it on level 3 of the Vaults)
 68520 | Vaults:3 | Found a staircase to the Crypt.
 69900 | Vaults:4 | Noticed Jory
 69941 | Vaults:4 | Killed Jory
 69941 | Vaults:4 | Reached skill level 18 in Spellcasting
 69941 | Vaults:4 | Reached XP level 21. HP: 113/113 MP: 33/44
 70118 | Vaults:4 | Noticed Frederick
 70139 | Vaults:4 | Killed Frederick
 71389 | Vaults:4 | Found Ubem's Gadget Boutique.
 71895 | Vaults:4 | Reached skill level 15 in Hexes
 72171 | Vaults:4 | Noticed Margery
 72191 | Vaults:4 | Killed Margery
 72665 | Lair:1   | Learned a level 8 spell: Discord
 72671 | Lair:1   | Learned a level 5 spell: Aura of Abjuration
 72845 | Depths:1 | Entered Level 1 of the Depths
 72845 | Depths:1 | Noticed the Enchantress
 73033 | Depths:1 | Killed the Enchantress
 73064 | Depths:1 | Got a faerie dragon armour
 73101 | D:15     | Identified the +7 faerie dragon armour {*Drain rCorr Str+2 Dex+2 SInv} (You took it off the Enchantress on level 1 of the Depths)
 73381 | Elf:1    | Bought 3 scrolls of enchant armour for 675 gold pieces
 73761 | Depths:1 | Got a fine morningstar
 73762 | Depths:1 | Identified the +3 morningstar of Xostroloi {drain, rPois} (You found it on level 1 of the Depths)
 73803 | Depths:1 | Found a gateway to Hell.
 74379 | Depths:1 | Reached skill level 19 in Spellcasting
 74460 | Depths:1 | Got a flickering platinum ring
 74462 | Depths:1 | Identified the ring "Xeuwisugg" {Ice +Blink +Fly Str-5 Int-3} (You found it on level 1 of the Depths)
 74503 | Depths:1 | Found a one-way gate leading to the halls of Pandemonium.
 75071 | Depths:1 | Found a one-way gate to the infinite horrors of the Abyss.
 75527 | Lair:1   | Bought a Necronomicon for 1435 gold pieces
 75541 | Lair:1   | Learned a level 8 spell: Necromutation
 75957 | Depths:1 | Reached skill level 1 in Necromancy
 76209 | Depths:1 | Reached XP level 22. HP: 78/120 MP: 20/46
 77344 | Depths:2 | Paralysed by a giant eyeball for 4 turns
 78109 | Depths:2 | Got a warped turquoise ring
 78110 | Depths:2 | Identified the ring of the Turtle {rF+++ MP-9 Dex+5 SInv} (You found it on level 2 of the Depths)
 78215 | Depths:2 | Noticed an ancient lich
 78239 | Depths:2 | Killed an ancient lich
 78340 | Depths:2 | Reached skill level 5 in Necromancy
 78481 | Depths:2 | Noticed Sojobo
 78502 | Depths:2 | Killed Sojobo
 79662 | Depths:3 | Reached skill level 15 in Transmutations
 79885 | Depths:3 | Found a runed door.
 80400 | Depths:3 | Found a glowing golden altar of the Shining One.
 80866 | Depths:3 | Got a glittering wooden ring
 80868 | Depths:3 | Identified the ring of Kustruc {rF+++ rN+ MP-9 Str+2 Stlth+} (You found it on level 3 of the Depths)
 80873 | Depths:3 | Got a translucent dagger
 80874 | Depths:3 | Identified the +4 dagger "Hefokhlu" {pain, +Inv Dex+4 SInv} (You found it on level 3 of the Depths)
 81719 | Depths:4 | Found a gateway to a ziggurat.
 82273 | Depths:4 | Reached XP level 23. HP: 118/124 MP: 34/47
 82705 | Depths:4 | Noticed a juggernaut
 82731 | Depths:4 | Killed a juggernaut
 82772 | Depths:4 | Reached skill level 10 in Necromancy
 83466 | Depths:4 | Found a basalt altar of Yredelemnul.
 85750 | Depths:5 | Entered Level 5 of the Depths
 85837 | Depths:5 | Found a flickering gateway to a bazaar.
 85842 | Bazaar   | Entered a bazaar
 85847 | Bazaar   | Found Ucla's Magic Scroll Shop.
 85849 | Bazaar   | Found Useraip's Food Shop.
 85858 | Bazaar   | Bought a bread ration for 55 gold pieces
 85858 | Bazaar   | Bought a bread ration for 55 gold pieces
 85858 | Bazaar   | Bought a royal jelly for 22 gold pieces
 85858 | Bazaar   | Bought a bread ration for 55 gold pieces
 85858 | Bazaar   | Bought 4 fruits for 66 gold pieces
 85861 | Bazaar   | Found Qedun's Assorted Antiques.
 85898 | Bazaar   | Found Ybiej's Book Boutique.
 85906 | Bazaar   | Bought an Akashic Record for 1324 gold pieces
 85928 | Bazaar   | Bought a scroll of identify for 18 gold pieces
 85928 | Bazaar   | Bought a scroll of blinking for 67 gold pieces
 85928 | Bazaar   | Bought a scroll of remove curse for 27 gold pieces
 85928 | Bazaar   | Bought a scroll of magic mapping for 31 gold pieces
 85928 | Bazaar   | Bought 2 scrolls of identify for 36 gold pieces
 85943 | Bazaar   | Bought a potion of heal wounds for 125 gold pieces
 85943 | Bazaar   | Bought a potion of resistance for 250 gold pieces
 85943 | Bazaar   | Bought a potion of cancellation for 200 gold pieces
 85943 | Bazaar   | Bought a scroll of remove curse for 75 gold pieces
 85943 | Bazaar   | Bought a fan of gales for 1000 gold pieces
 86030 | Depths:5 | Gained mutation: Your muscles are strong. (Str +2) [potion of beneficial mutation]
 86199 | Depths:5 | Got a shimmering falchion
 86200 | Depths:5 | Identified the +2 falchion of the Six Wars {drain, rF+ rC- MP+9 Dex-5} (You found it on level 5 of the Depths)
 86910 | Depths:5 | Reached XP level 24. HP: 129/129 MP: 28/47
 86928 | Depths:5 | Found a gate to the Realm of Zot.
 87546 | Depths:5 | Gained mutation: You are covered in fur (AC +1). [potion of beneficial mutation]
 87547 | Depths:5 | Gained mutation: You have a pair of horns on your head. [potion of beneficial mutation]
 88688 | Vaults:5 | Entered Level 5 of the Vaults
 89535 | Vaults:5 | Reached skill level 15 in Necromancy
 89798 | Vaults:5 | Found Suwnuofi's Gadget Boutique.
 89877 | Vaults:5 | Bought a crystal ball of energy for 360 gold pieces
 91102 | Vaults:5 | HP: 7/167 [stone giant/large rock (30)]
 92681 | Vaults:5 | Reached XP level 25. HP: 133/133 MP: 31/47
 92935 | Vaults:5 | Identified Borgnjor's Tome of Darkness
 92954 | Vaults:5 | Got a silver rune of Zot
 93699 | Vaults:5 | Got a dazzling spear
 93700 | Vaults:5 | Identified the +2 spear "Liempuywik" {antimagic, rPois rC+ Str+3 Dex+4} (You found it on level 5 of the Vaults)
 94284 | Depths:1 | Reached skill level 20 in Transmutations
 94596 | Slime:1  | Entered Level 1 of the Pits of Slime
 95195 | Slime:1  | HP: 5/172 [acid blob (20)]
 95195 | Slime:1  | Splashed by an acid blob's acid

Action                   |  1- 3 |  4- 6 |  7- 9 | 10-12 | 13-15 | 16-18 | 19-21 | 22-24 | 25-27 || total
-------------------------+-------+-------+-------+-------+-------+-------+-------+-------+-------++-------
Melee: Dagger            |    85 |    79 |    16 |       |       |       |       |       |       ||   180
       Short sword       |       |       |   308 |   979 |   231 |       |       |       |       ||  1518
       Rapier            |       |       |       |       |  1177 |  1795 |  2739 |  2541 |       ||  8252
       Eudemon blade     |       |       |       |       |    77 |       |       |   198 |   192 ||   467
 Cast: Corona            |    12 |       |       |       |     3 |       |       |       |       ||    15
       Ensorcelled Hiber |    11 |    26 |    34 |    40 |   278 |    21 |    26 |       |       ||   436
       Confuse           |       |    11 |    44 |    68 |   105 |    73 |    89 |    73 |    18 ||   481
       Tukima's Dance    |       |       |     1 |    92 |    36 |    73 |   160 |    85 |     5 ||   452
       Silence           |       |       |       |     3 |       |       |       |       |       ||     3
       Stoneskin         |       |       |       |     2 |    24 |    67 |    70 |    70 |     7 ||   240
       Airstrike         |       |       |       |       |     7 |       |       |       |       ||     7
       Lee's Rapid Decon |       |       |       |       |     2 |       |     5 |     8 |       ||    15
       Statue Form       |       |       |       |       |    14 |    53 |    41 |    45 |     7 ||   160
       Haste             |       |       |       |       |       |    27 |    21 |    35 |     1 ||    84
       Deflect Missiles  |       |       |       |       |       |    11 |    11 |     8 |     1 ||    31
       Cure Poison       |       |       |       |       |       |     2 |     1 |     3 |       ||     6
       Blink             |       |       |       |       |       |       |     5 |    21 |       ||    26
       Necromutation     |       |       |       |       |       |       |       |     9 |       ||     9
       Discord           |       |       |       |       |       |       |       |     2 |       ||     2
Invok: Call Merchant     |       |       |       |     1 |     5 |     1 |     3 |     1 |       ||    11
 Abil: Evoke Invisibilit |       |       |       |    13 |    11 |     5 |     3 |       |       ||    32
       End Transformatio |       |       |       |       |     3 |    14 |    18 |    18 |       ||    53
       Evoke Teleportati |       |       |       |       |       |       |       |     4 |       ||     4
Evoke: Wand              |       |       |       |    20 |    16 |    14 |     3 |     9 |       ||    62
       Deck              |       |       |       |       |       |     4 |       |       |       ||     4
       Phial of floods   |       |       |       |       |       |     2 |       |     1 |       ||     3
       Lamp of fire      |       |       |       |       |       |     1 |       |     1 |       ||     2
       Fan of gales      |       |       |       |       |       |       |       |     2 |       ||     2
       Stone of tremors  |       |       |       |       |       |       |       |     1 |       ||     1
  Use: Scroll            |     7 |     2 |     9 |     4 |    26 |    31 |    23 |    21 |     3 ||   126
       Potion            |       |     1 |     1 |     4 |    10 |     6 |     8 |    19 |       ||    49
 Stab: Sleeping          |    21 |    23 |    49 |   102 |   234 |    61 |    60 |    21 |       ||   571
       Distracted        |     2 |       |     2 |    11 |    19 |    18 |    29 |    39 |     4 ||   124
       Confused          |       |     2 |    39 |    46 |    46 |    23 |    55 |    51 |     9 ||   271
       Invisible         |       |       |       |    47 |    50 |    15 |     2 |       |       ||   114
  Eat: Bread ration      |       |     1 |       |     3 |     5 |     7 |     3 |     1 |       ||    20
       Pizza             |       |       |     3 |     2 |     1 |     3 |       |     3 |     2 ||    14
       Fruit             |       |       |       |     1 |       |     3 |    21 |    24 |     2 ||    51
       Royal jelly       |       |       |       |       |       |     2 |     1 |     2 |       ||     5
